 Dungeon Crawl Stone Soup version 0.31.0-1-g2c135a0 (webtiles) character file.

Game seed: 17318682553777450462

40 Think the Ruffian (level 3, -2/33 HPs)
             Began as a Troll Shapeshifter on Jan 23, 2024.
             Slain by a ribbon worm (8 damage)
             ... on level 2 of the Dungeon.
             The game lasted 00:01:19 (1306 turns).

Think the Ruffian (Troll Shapeshifter)              Turns: 1306, Time: 00:01:19

Health: -2/33      AC:  4    Str: 22    XL:     3   Next: 30%
Magic:  2/2        EV:  5    Int:  6    God:
Gold:   141        SH:  0    Dex: 11    Spells: 2/2 levels left

rFire   . .          .
                       - Unarmed
rCold   . . .        (no shield)
rNeg    . . .        a - +0 animal skin
rPois   .            (helmet currently unavailable)
rElec   .            (cloak currently unavailable)
rCorr   .            (gloves unavailable)
SInv    .            (boots unavailable)
Will    .....        (no amulet)
Stlth   +            (no ring)
HPRegen 1.05/turn    (no ring)
MPRegen 0.08/turn

%: no passive effects
@: beast-form, held
A: beast (slay +1), large, unfitting armour, claws 3, regeneration 1, shaggy fur
1, tough skin 1
a: Begin Untransformation


You were on level 2 of the Dungeon.
You were a hulking beast.
You visited 1 branch of the dungeon, and saw 2 of its levels.

You collected 141 gold pieces.

Inventory:

Armour
 a - a +0 animal skin (worn)
Talismans
 c - a beast talisman
 d - a flux talisman
Scrolls
 f - a scroll of teleportation {unknown}
 j - 5 scrolls of identify {unknown}
 l - 2 scrolls of noise {unknown}
 m - a scroll of brand weapon {unknown}
Potions
 b - a potion of lignification
 e - a potion of invisibility {unknown}
 g - a potion of might {unknown}
 h - a potion of heal wounds {unknown}
 i - 2 potions of curing {unknown}
 k - a potion of brilliance {unknown}


   Skills:
 + Level 1.3 Fighting
 + Level 2.0 Dodging
 * Level 3.5 Unarmed Combat
 + Level 3.2 Shapeshifting


You had 2 spell levels left.
You didn't know any spells.
Your spell library contained the following spells:

 Spells                   Type           Power      Damage    Failure   Level
 Tukima's Dance           Hex            0%         N/A       83%         3
 Passage of Golubria      Tloc           0%         N/A       99%         4
 Yara's Violent Unravell  Hex/Alch       0%         3d3       100%        5


Dungeon Overview and Level Annotations

Branches:
Dungeon (2/15)

Altars:
Trog


Innate Abilities, Weirdness & Mutations

You are a hulking beast.
Your limbs bulge with bestial killing power. (Slay +1)
You are too large for most types of armour.
You have claws for hands.
Your natural rate of healing is unusually fast.
You are covered in fur. (AC +1)
You have tough skin. (AC +1)


Message History

The ribbon worm bites you but does no damage.
The goblin hits you but does no damage. The ribbon worm bites you.
The goblin hits you but does no damage. The ribbon worm bites you.
The goblin hits you with a +0 club. The goblin barely misses you.
The ribbon worm expels a string of sticky webbing.
The stream of webbing hits you but does no damage.
You are even more entangled.
The goblin barely misses you. The ribbon worm bites you.
The goblin hits you but does no damage. The ribbon worm bites you.
The goblin hits you with a +0 club. The ribbon worm bites you.
* * * LOW HITPOINT WARNING * * *
The goblin hits you with a +0 club.
* * * LOW HITPOINT WARNING * * *
The goblin hits you with a +0 club.
* * * LOW HITPOINT WARNING * * *
The ribbon worm barely misses you. The goblin barely misses you.
The ribbon worm barely misses you. The goblin hits you but does no damage.
The ribbon worm expels a string of sticky webbing.
The stream of webbing hits you but does no damage.
You are even more entangled.
The goblin hits you with a +0 club.
* * * LOW HITPOINT WARNING * * *
The ribbon worm barely misses you. The goblin hits you but does no damage.
The goblin hits you but does no damage.
The ribbon worm expels a string of sticky webbing.
The stream of webbing hits you but does no damage.
You are even more entangled.
The goblin barely misses you. The ribbon worm bites you.
* * * LOW HITPOINT WARNING * * *
The goblin hits you but does no damage. The ribbon worm bites you.
* * * LOW HITPOINT WARNING * * *
The goblin barely misses you. The ribbon worm barely misses you.
The goblin hits you but does no damage. The goblin hits you with a +0 club.
* * * LOW HITPOINT WARNING * * *
The ribbon worm bites you!
You die...

##....# #.# #.
####.###.# #.#
#. #.#.## #.#
#.# #.
##.#####.###
#.# #.
#.........# #.#
#. #######.#.#
#.# #.# #.# #h#
......wg.?.....
........##...##
######### ###


You could see a ribbon worm and a goblin.

Vanquished Creatures
  An adder (D:2)
  2 ball pythons (D:1)
  3 endoplasms (D:1)
  4 giant cockroaches (D:1)
  A goblin (D:2)
  3 hobgoblins
  A jackal (D:1)
  4 bats
  A frilled lizard (D:1)
  6 kobolds (D:1)
  2 rats (D:1)
28 creatures vanquished.

Notes
Turn   | Place    | Note
-------+----------+-------------------------------------------
     0 | D:1      | Think the Troll Shapeshifter began the quest for the Orb.
     0 | D:1      | Reached XP level 1. HP: 18/18 MP: 0/0
    68 | D:1      | Reached skill level 1 in Fighting
    70 | D:1      | Reached XP level 2. HP: 27/27 MP: 1/1
   712 | D:2      | Reached XP level 3. HP: 21/33 MP: 2/2
   748 | D:2      | Found a bloodstained altar of Trog.
  1306 | D:2      | Slain by a ribbon worm

Illustrated notes

Levels and vault maps discovered:
D:1:      kennysheep_arrival_seaside, layout_basic, minmay_cut_off
D:2:      layout_loops_ring, basic_altar, kennysheep_cross_room

Skill      XL: |  1  2 |
---------------+-------+-----
Fighting       | 1 |  1.3
Dodging        | 2 |  2.0
Unarmed Combat | |  3.5
Shapeshifting  | |  3.2

Action                     || total
---------------------------++-------
  Melee: Unarmed           ||    62
         Punch             ||     2
 Armour: Animal skin       ||   189
  Dodge: Dodged            ||   133
